 Dungeon Crawl Stone Soup version 0.31.0-32-g396128a36d (webtiles) character file.

Game seed: 6175134364331542534

95 PaiMei the Grave Robber (level 4, 0/32 HPs)
             Began as a Demonspawn Necromancer on Mar 30, 2024.
             Slain by a cerulean imp
             ... wielding a +1 spear
             ... summoned by Natasha
              (2 damage)
             ... on level 2 of the Dungeon.
             The game lasted 00:02:14 (1279 turns).

PaiMei the Grave Robber (Demonspawn Necromancer)    Turns: 1279, Time: 00:02:14

Health: 0/32       AC:  3    Str:  8    XL:     4   Next: 40%
Magic:  5/8        EV: 13    Int: 17    God:
Gold:   71         SH:  0    Dex: 16    Spells: 7/8 levels left

rFire   . . .        c - +0 mace
rCold   . . .        (no shield)
rNeg    . . .        a - +0 robe
rPois   .            (helmet restricted)
rElec   .            (no cloak)
rCorr   .            (no gloves)
SInv    .            k - +0 pair of boots
Will    .....        (no amulet)
Stlth   +++          (no ring)
HPRegen 0.25/turn    (no ring)
MPRegen 0.11/turn

%: no passive effects
@: no status effects
A: antennae 1, thin skeletal structure 1
a: no special abilities


You were on level 2 of the Dungeon.
You visited 1 branch of the dungeon, and saw 2 of its levels.

You collected 71 gold pieces.

Inventory:

Hand Weapons
 c - a +0 mace (weapon)
Missiles
 g - 4 poisoned darts
Armour
 a - a +0 robe (worn)
 k - a +0 pair of boots (worn)
Scrolls
 d - a scroll of butterflies {unknown}
 e - a scroll of blinking {unknown}
 h - a scroll of torment {unknown}
 i - a scroll of teleportation {unknown}
Potions
 b - a potion of magic
 f - 2 potions of curing {unknown}
 j - a potion of attraction {unknown}


   Skills:
 + Level 1.5 Fighting
 + Level 2.6 Dodging
 - Level 2.0 Stealth
 + Level 2.7 Spellcasting
 + Level 4.9 Necromancy


You had 7 spell levels left.
You knew the following spells:

 Your Spells              Type           Power      Damage    Failure   Level
a - Necrotise             Necr           76%        1d7       2%          1

Your spell library contained the following spells:

 Spells                   Type           Power      Damage    Failure   Level
 Vampiric Draining        Necr           19%        2d7       7%          3
 Animate Dead             Necr           19%        N/A       22%         4
 Curse of Agony           Necr           19%        N/A       54%         5
 Chain Lightning          Conj/Air       1%         3d1       100%        9
 Fire Storm               Conj/Fire      1%         7d1       100%        9
 Shatter                  Erth           1%         3d5*      100%        9


Dungeon Overview and Level Annotations

Branches:
Dungeon (2/15)

Altars:

Shops:
D:2 (:[(

Annotations:
D:2 Natasha


Innate Abilities, Weirdness & Mutations

You have a pair of small antennae on your head.
You have a somewhat thin skeletal structure. (Dex +2, Stealth+)


Message History

The jackal attacks as it pursues you! The jackal closely misses you.
Natasha casts a spell at you. The magic dart hits you.
The jackal attacks as it pursues you! The jackal barely misses you.
The jackal closely misses you.
You hit the jackal but do no damage. The jackal closely misses you.
The jackal misses you.
You hit the jackal.
The jackal is severely wounded.
The jackal completely misses you. The cerulean imp closely misses you.
You hit the jackal.
You kill the jackal!
The cerulean imp hits you from afar with a +3 spear. x2
Casting: Necrotise (safe; 2% risk of failure)
Confirm with . or Enter, or press ? or * to list all spells.
Aiming: Necrotise (safe; 2% risk of failure)
Press: ? - help, Shift-Dir - straight line, f - Natasha
Aim: Natasha, carrying a wand of polymorph (chance to affect: 78%) Natasha barely resists.
The cerulean imp disappears in a puff of smoke!
Natasha closely misses you. The cerulean imp closely misses you.
Casting: Necrotise (safe; 2% risk of failure)
Confirm with . or Enter, or press ? or * to list all spells.
Aiming: Necrotise (safe; 2% risk of failure)
Press: ? - help, Shift-Dir - straight line, f/p - Natasha
Aim: Natasha, carrying a wand of polymorph (chance to affect: 78%) Natasha writhes in agony.
Natasha casts a spell.
The cerulean imp hits you from afar with a +3 spear!
* * * LOW HITPOINT WARNING * * *
Casting: Necrotise (safe; 2% risk of failure)
Confirm with . or Enter, or press ? or * to list all spells.
Aiming: Necrotise (safe; 2% risk of failure)
Press: ? - help, Shift-Dir - straight line, f/p - Natasha
Aim: Natasha, carrying a wand of polymorph (heavily wounded, chance to affect: 78%) Natasha barely resists.
Natasha completely misses you.
The cerulean imp hits you from afar with a +3 spear.
* * * LOW HITPOINT WARNING * * *
The cerulean imp hits you with a +1 spear.
You die...

###
#...)....####.#
#.............#
#........######
#......###
#(.......# ##
.$....
#......#.# .#
......
####..##... .#
..?...# #5.##
#.# .# h..h...
#@## .# .#
..... ##h# # .#
.[. #5h# ##
##.##.## .#
#.h.ยงยง# .###
#.5####
...########..
##.......#...
........>....


You could see Natasha, 2 cerulean imps and a jackal.

Vanquished Creatures
  Natasha (twice) (D:2)
  A gnoll (D:1)
  3 ball pythons
  2 bats (D:1)
  4 endoplasms
  2 giant cockroaches (D:1)
  3 goblins
  2 hobgoblins
  5 jackals
  A quokka (D:2)
  A frilled lizard (D:2)
  5 kobolds
  4 rats (D:1)
35 creatures vanquished.

Notes
Turn   | Place    | Note
-------+----------+-------------------------------------------
     0 | D:1      | PaiMei the Demonspawn Necromancer began the quest for the
                  | Orb.
     0 | D:1      | Reached XP level 1. HP: 13/13 MP: 3/3
   244 | D:1      | Gained mutation: You have a pair of small antennae on your
                  | head. [demonic ancestry]
   244 | D:1      | Reached XP level 2. HP: 19/19 MP: 1/5
   638 | D:1      | Gained mutation: You have a somewhat thin skeletal
                  | structure. (Dex +2, Stealth+) [demonic ancestry]
   638 | D:1      | Reached XP level 3. HP: 25/25 MP: 1/6
   894 | D:2      | Found Ikhonn's Book Shoppe.
   945 | D:2      | Noticed Natasha
   977 | D:2      | Killed Natasha
   978 | D:2      | Reached skill level 1 in Fighting
  1035 | D:2      | Found Edorrela's Weapon Boutique.
  1064 | D:2      | Noticed Natasha
  1069 | D:2      | Killed Natasha
  1070 | D:2      | Reached XP level 4. HP: 32/32 MP: 1/8
  1135 | D:2      | Found Ukiaf's Antique Armour Shoppe.
  1221 | D:2      | Found Huxzyxy's Weapon Boutique.
  1259 | D:2      | Noticed Natasha
  1279 | D:2      | Slain by a cerulean imp

Illustrated notes

Levels and vault maps discovered:
D:1:      giann_horns, layout_rooms
D:2:      layout_basic, serial_shops, nicolae_shop_advertising_works
          [nicolae_subvault_shop_adworks], nicolae_shop_rolling_square,
          nicolae_book_shop_shelving, shop, nicolae_shop_statue_plus,
          uniq_natasha, uniq_sigmund

Skill      XL: |  1  2  3 |
---------------+----------+-----
Stealth        | 2 |  2.0
Dodging        | 2 |  2.6
Fighting       | 1 |  1.5
Spellcasting   | |  2.7
Necromancy     | |  4.9

Action                     |  1- 3 |  4- 6 || total
---------------------------+-------+-------++-------
  Melee: Mace              |    12 |    11 ||    23
   Cast: Necrotise         |    53 |    10 ||    63
 Armour: Robe              |     8 |    17 ||    25
  Dodge: Dodged            |    26 |    33 ||    59
